AoeStats
← AxingQuestions

MegaRandom

508754839Analyzed
4v4 RM · 8d ago on Sep 23, 2026· 51m 21s· 8 players
Game mode
Random Map
Map size
Large (8 player)
Population
200
Speed
Normal
Resources
Standard
Victory
Conquest
Starting age
Dark Age
Ending age
Imperial Age
RankedLock teamsTeams togetherTeam positionsShared explorationLock speedFull tech treeHidden civsTurbo modeCheats
Victory
Defeat
🇦🇷 Franks · Argentina
1351
+14
🇧🇷 Jurchens · Brazil
1337
+15
🇦🇷 Byzantines · Argentina
1312
+16
🇲🇽 Varangians · Mexico
1241
+19
🇵🇹 Huns · Portugal
1332
-17
🇺🇸 Franks · United States
1331
-17
🇬🇧 Saxons · United Kingdom
1325
-17
🇺🇸 Japanese · United States
1238
-13
milesburkley
10:29 Feudal Age
8:45 Loom
11:18 Double-Bit Axe
11:15 Horse Collar
14:04 Castle Age
11:51 Loom
22:14 Bow Saw
24:37 Sanctity
26:26 Heavy Plow
28:22 Wheelbarrow
29:24 Hand Cart
30:46 Gold Mining
30:53 Stone Mining
30:59 Fletching
34:14 Imperial Age
31:58 Scale Mail Armor
32:13 Forging
33:35 Chain Mail Armor
33:29 Bodkin Arrow
34:54 Iron Casting
33:57 Clerical Recruitment
35:05 Ballistics
34:28 Elite Varangian Guard
34:56 Arson
35:22 Squires
38:31 Shield Wall
39:49 Plate Mail Armor
40:06 Conscription
41:14 Bracer
41:41 Elite Skirmisher
43:26 Chemistry
44:36 Padded Archer Armor
45:05 Caravan
45:24 Pikeman
47:33 Halberdier
DKing
3:42 Loom
11:00 Feudal Age
12:00 Double-Bit Axe
15:08 Castle Age
13:47 Scale Barding Armor
13:24 Horse Collar
16:20 Bow Saw
16:11 Heavy Plow
23:11 Fervor
24:51 Wheelbarrow
27:31 Hand Cart
27:30 Gold Mining
28:11 Stone Mining
28:22 Pikeman
29:42 Squires
30:17 Husbandry
30:28 Bloodlines
31:27 Light Cavalry
34:25 Forging
36:02 Scale Mail Armor
47:19 Chain Barding Armor
47:30 Chain Mail Armor
ijkabob
11:27 Feudal Age
14:56 Castle Age
13:11 Forging
13:08 Scale Barding Armor
14:27 Loom
18:04 Iron Casting
28:56 Arson
31:18 Scale Mail Armor
37:13 Imperial Age
35:20 Chain Mail Armor
35:54 Wheelbarrow
37:59 Pikeman
48:07 Plate Mail Armor
AxingQuestions
3:29 Loom
11:40 Feudal Age
15:12 Castle Age
13:44 Double-Bit Axe
13:53 Gold Mining
13:55 Stone Mining
16:20 Bow Saw
15:53 Horse Collar
17:00 Wheelbarrow
19:20 Heavy Plow
24:41 Fletching
24:52 Padded Archer Armor
25:33 Husbandry
26:24 Bodkin Arrow
26:45 Leather Archer Armor
31:09 Imperial Age
28:57 Hand Cart
28:28 Town Watch
29:22 Gold Shaft Mining
28:54 Scale Barding Armor
29:03 Bloodlines
29:20 Town Patrol
30:20 Chain Barding Armor
30:18 Thumb Ring
32:16 Conscription
32:09 Bracer
32:40 Ring Archer Armor
32:37 Parthian Tactics
31:33 Heavy Cavalry Archer
33:40 Hoardings
34:45 Two-Man Saw
34:24 Ballistics
35:05 Chemistry
35:21 Squires
35:24 Scale Mail Armor
35:35 Forging
35:41 Caravan
37:59 Treadmill Crane
38:18 Murder Holes
40:22 Chain Mail Armor
40:42 Iron Casting
39:31 Pikeman
39:51 Capped Ram
41:01 Halberdier
44:15 Elite Skirmisher
48:38 Plate Mail Armor
49:09 Blast Furnace
48:18 Elite Samurai
[GDL] Lissom
4:23 Loom
10:39 Feudal Age
14:40 Castle Age
13:05 Double-Bit Axe
13:44 Horse Collar
15:56 Bow Saw
15:46 Heavy Plow
22:04 Wheelbarrow
22:48 Scale Barding Armor
22:54 Forging
24:00 Chain Barding Armor
23:52 Husbandry
24:10 Bloodlines
23:49 Light Cavalry
25:35 Iron Casting
32:05 Vendel Legacy
35:47 Imperial Age
33:33 Hand Cart
33:57 Town Watch
36:03 Stone Mining
35:57 Hussar
37:15 Plate Barding Armor
37:41 Blast Furnace
38:03 Crop Rotation
38:36 Two-Man Saw
39:56 Conscription
Revontheus
3:22 Loom
10:52 Feudal Age
15:07 Castle Age
15:27 Bloodlines
16:00 Double-Bit Axe
17:06 Bow Saw
16:56 Gold Mining
22:18 Wheelbarrow
22:59 Forging
23:32 Horse Collar
24:33 Heavy Plow
25:31 Stone Mining
26:48 Scale Barding Armor
29:27 Fletching
30:23 Gold Shaft Mining
30:55 Husbandry
32:16 Iron Casting
36:35 Ballistics
35:57 Treadmill Crane
39:13 Imperial Age
38:29 Padded Archer Armor
37:51 Light Cavalry
40:27 Conscription
40:36 Leather Archer Armor
40:11 Fletching
42:03 Chemistry
42:22 Guilds
44:56 Two-Man Saw
44:30 Chain Barding Armor
45:35 Caravan
47:23 Elite Skirmisher
48:47 Plate Barding Armor
48:33 Hand Cart
48:04 Town Watch
49:07 Crop Rotation
51:51 Ring Archer Armor
51:18 Bodkin Arrow
Rockl
2:17 Loom
8:31 Feudal Age
12:35 Castle Age
10:58 Double-Bit Axe
12:03 Scale Mail Armor
14:11 Bow Saw
14:31 Squires
26:19 Wheelbarrow
25:42 Horse Collar
30:44 Imperial Age
29:25 Hand Cart
29:03 Fletching
29:14 Padded Archer Armor
30:21 Bodkin Arrow
29:52 Crossbowman
31:02 Arbalester
32:01 Bracer
33:15 Chemistry
33:12 Thumb Ring
33:51 Ballistics
35:33 Chain Mail Armor
35:28 Gold Mining
35:29 Stone Mining
36:14 Forging
36:26 Conscription
37:11 Leather Archer Armor
37:26 Plate Mail Armor
40:45 Ring Archer Armor
42:10 Iron Casting
41:46 Pikeman
44:10 Halberdier
49:52 Two-Man Saw
49:59 Caravan
Gernilian
2:54 Loom
7:17 Loom
11:22 Feudal Age
15:01 Castle Age
13:13 Gold Mining
13:35 Scale Barding Armor
24:07 Wheelbarrow
25:00 Fletching
27:27 Double-Bit Axe
33:39 Bodkin Arrow
34:33 Ballistics
34:55 Padded Archer Armor
35:17 Bow Saw
35:06 Town Watch
36:35 Hand Cart
38:47 Leather Archer Armor
43:23 Imperial Age
40:42 Ordonnance Companies
42:55 Husbandry
44:09 Chain Barding Armor
44:00 Forging
43:27 Cavalier
44:30 Conscription
45:19 Chemistry
44:09 Cranequins
44:54 Heavy Mounted Crossbowman
46:24 Light Cavalry
48:09 Plate Barding Armor
48:34 Caravan
50:53 Iron Casting
50:43 Masonry
Connection lost

Rejoining the realm…

Still unreachable

The connection could not be restored.

Session expired

The server has moved on; the page needs a fresh start.